 Dungeon Crawl Stone Soup version 0.18.1-48-g4cf74bf (webtiles) character file.

214 MovingMist the Covered (level 5, -2/50 HPs)
             Began as a Deep Dwarf Fighter on Aug 21, 2016.
             Killed by divine providence
             ... invoked by an orc priest
              (6 damage)
             ... on level 3 of the Dungeon.
             The game lasted 00:07:04 (2216 turns).

MovingMist the Covered (Deep Dwarf Fighter)         Turns: 2216, Time: 00:07:04

Health: -2/50      AC:  9    Str: 21    XL:     5   Next: 59%
Magic:  5/5        EV:  7    Int:  8    God:
Gold:   149        SH:  9    Dex: 12    Spells: 0 memorised, 4 levels left

rFire  . . .     SeeInvis .     a - +1 war axe
rCold  . . .     Gourm    .     b - +0 scale mail
rNeg   . . .     Faith    .     c - +0 shield
rPois  .         Spirit   .     s - +1 helmet
rElec  .         Dismiss  .     (no cloak)
rCorr  .         Reflect  .     (no gloves)
SustAt .         Harm     .     (no boots)
MR     .....                    (no amulet)
Stlth  +.........               (no ring)
                                n - ring of stealth

@: non-regenerating, not resistant to hostile enchantments, very unstealthy
A: damage resistance, recharge devices, sense surroundings 1, slow regeneration
3
a: Device Recharging


You were on level 3 of the Dungeon.
You were not hungry.

You visited 1 branch of the dungeon, and saw 3 of its levels.

You collected 149 gold pieces.

Inventory:

Hand Weapons
 a - a +1 war axe (weapon)
Armour
 b - a +0 scale mail (worn)
 c - a +0 shield (worn)
 s - a +1 helmet (worn)
Jewellery
 n - a ring of stealth (left hand)
Wands
 e - a wand of heal wounds (8/9)
Scrolls
 i - a scroll of fog
 j - a scroll of enchant armour
 o - a scroll of magic mapping {unknown}
 p - a scroll of recharging
Potions
 d - a potion of might
 k - a potion of agility
 l - 2 potions of curing
 m - a potion of magic {unknown}
 r - a potion of flight
 v - a potion of invisibility
Books
 x - a book of the Earth

   Spells                             Type                      Level
   a - Leda's Liquefaction            Hexes/Earth                  4
   b - Bolt of Magma                  Conjuration/Fire/Earth       5
   c - Statue Form                    Transmutation/Earth          6
   d - Iron Shot                      Conjuration/Earth            6
   e - Shatter                        Earth                        9
Comestibles
 f - 3 bread rations
 g - a beef jerky
 h - a slice of pizza
 q - 8 chunks of flesh
 t - a meat ration


   Skills:
 + Level 3.9 Fighting
 + Level 3.6 Axes
 + Level 4.4 Armour
 + Level 4.3 Shields


You had 4 spell levels left.
You didn't know any spells.

Dungeon Overview and Level Annotations

Branches:
Dungeon (3/15)

Altars:
Qazlal
The Shining One

Annotations:
D:3 Elystan's ghost, amateur FoAM; Sigmund


Innate Abilities, Weirdness & Mutations

You are resistant to damage.
You can recharge devices by infusing magical energy.
You passively map a small area around you.
You do not regenerate naturally.


Message History

Your scale mail prevents you from hitting the bat.
You block the bat's attack.
You miss the bat. You block the bat's attack.
The bat hits you but does no damage.
You closely miss the bat. You block the bat's attack.
The bat hits you but does no damage.
You slash the bat!
You kill the bat!
The orc hits you but does no damage.
You are electrocuted!
You slash the orc!
You kill the orc!
The orc priest invokes the aid of Beogh against you.
Beogh smites you!
* * * LOW HITPOINT WARNING * * *
Elystan's ghost barely misses you.
You hear a shout!
Okay, then.
The orc priest calls down the wrath of Beogh upon you.
Beogh smites you!
You die...

#..#.# #.....#
#.{.....# .....#
#.....# #.......#
##.### #.....# *#..W..#
#.# #.....# #.....# #.#
###.### ###o###
#.########.## #.#
##.......>.#.## #.#
...#......###.#######o#
*
#.....###..#....@.W).o#
,
#.###...#.#..##########
* ** #.# #...)....# , *
* #.###.#.#.#..# ,
.............#
.##########.## * ,
....# #.# ,, , .##.#
##.## *, .##.# #...#


You could see an orc priest, an orc wizard and Elystan's ghost.

Vanquished Creatures
  2 orc priests (D:3)
  An orc wizard (D:3)
  Jessica (D:3)
  3 adders
  2 oozes
  2 worms (D:2)
  2 giant geckos (D:2)
  7 orcs (D:3)
  2 giant cockroaches (D:1)
  4 goblins
  8 hobgoblins
  A quokka (D:2)
  7 bats
  2 giant newts
  7 kobolds
  7 rats
58 creatures vanquished.

Notes
Turn   | Place    | Note
--------------------------------------------------------------
     0 | D:1      | MovingMist the Deep Dwarf Fighter began the quest for the Orb.
     0 | D:1      | Reached XP level 1. HP: 20/20 MP: 1/1
   168 | D:1      | Reached XP level 2. HP: 21/28 MP: 2/2
   938 | D:2      | Reached XP level 3. HP: 13/34 MP: 3/3
  1023 | D:2      | Found a glowing golden altar of the Shining One.
  1127 | D:2      | Found a stormy altar of Qazlal.
  1670 | D:2      | Reached XP level 4. HP: 26/42 MP: 4/4
  1886 | D:3      | Reached XP level 5. HP: 24/50 MP: 5/5
  2068 | D:3      | Noticed Jessica
  2075 | D:3      | Killed Jessica
  2196 | D:3      | Noticed Sigmund
  2197 | D:3      | Noticed Elystan's ghost (amateur FoAM)
  2216 | D:3      | Killed from afar by an orc priest

Skill      XL: |  1  2  3  4 |
---------------+-------------+-----
Fighting       | 3 |  3.9
Armour         | 4 |  4.4
Shields        | 4 |  4.3
Axes           | 3 |  3.6

Action                   |  1- 3 |  4- 6 || total
-------------------------+-------+-------++-------
Melee: War axe           |   140 |    66 ||   206
Evoke: Wand              |     1 |     1 ||     2
  Use: Scroll            |       |    11 ||    11
  Eat: Chunk             |     3 |     2 ||     5
Armor: Scale mail        |    68 |    39 ||   107
Dodge: Dodged            |    39 |    25 ||    64
Block: Shield            |    79 |    33 ||   112
